 Dungeon Crawl Stone Soup version 0.29.0-11-gd7f09526c8 (webtiles) character file.

Game seed: 378482706206696535

16521 sanka the Martial Artist (level 12, -5/108 HPs)
             Began as a Pale Draconian Monk on Sept 3, 2022.
             Was a Priest of the Shining One.
             Slain by a skeletal warrior
             ... wielding a +0 scimitar
              (21 damage)
             ... on level 10 of the Dungeon.
             The game lasted 00:17:52 (13445 turns).

sanka the Martial Artist (Pale Draconian Monk)     Turns: 13445, Time: 00:17:53

Health: -5/108     AC: 16    Str: 14    XL:     12   Next: 10%
Magic:  18/18      EV: 16    Int: 14    God:    the Shining One [***...]
Gold:   229        SH:  0    Dex: 15    Spells: 15/19 levels left

rFire   . . .      SeeInvis .     - Unarmed
rCold   + . .      Faith    .   (no shield)
rNeg    + . .      Spirit   .   (body armour unavailable)
rPois   +          Reflect  .   s - +2 hood of the Assassin {Detection Stab+ Stlth++}
rElec   .          Harm     .   (no cloak)
rCorr   .          Rampage  .   H - +2 pair of gloves
Will    .....                   r - +2 pair of boots
Stlth   ++........              (no amulet)
HPRegen 0.28/turn               t - +4 ring of slaying
MPRegen 0.16/turn               e - ring of the Demon Prince {Fly rPois rC+}

@: flying, glowing
A: breathe steam, AC +8, unfitting armour, cold-blooded, steam resistance
a: Breathe Steam, Renounce Religion, Divine Shield, Cleansing Flame


You were on level 10 of the Dungeon.
You worshipped the Shining One.
The Shining One was most pleased with you.
You visited 2 branches of the dungeon, and saw 12 of its levels.

You collected 819 gold pieces.
You spent 590 gold pieces at shops.


Innate Abilities, Weirdness & Mutations

You can breathe blasts of scalding, opaque steam.
Your pale cyan-grey scales are hard. (AC +8)
You cannot fit into any form of body armour.
You are cold-blooded and may be slowed by cold attacks.
You are immune to the effects of steam.


   Skills:
 + Level 10.7 Fighting
 + Level 9.0 Dodging
 - Level 1.7 Stealth
 + Level 13.5 Unarmed Combat
 - Level 4.0 Spellcasting
 + Level 5.4 Transmutations


You had 15 spell levels left.
You knew the following spells:

 Your Spells              Type           Power      Damage    Failure   Level
z - Ice Form              Ice/Tmut       10%        N/A       54%         4

Your spell library contained the following spells:

 Spells                   Type           Power      Damage    Failure   Level
 Beastly Appendage        Tmut           36%        N/A       1%          1
 Wereblood                Tmut           18%        N/A       3%          2
 Magic Dart               Conj           8%         1d3       19%         1
 Summon Small Mammal      Summ           8%         N/A       19%         1
 Spider Form              Tmut/Pois      10%        N/A       19%         3
 Scorch                   Fire           4%         2d5       28%         2
 Searing Ray              Conj           4%         2d4       28%         2
 Call Canine Familiar     Summ           2%         N/A       50%         3
 Frozen Ramparts          Ice            4%         1d1       50%         3
 Gell's Gravitas          Tloc           2%         N/A       50%         3
 Lesser Beckoning         Tloc           2%         N/A       50%         3
 Summon Guardian Golem    Hex/Summ       2%         N/A       50%         3
 Teleport Other           Tloc           2%         N/A       50%         3
 Animate Dead             Necr           2%         N/A       88%         4
 Flame Wave               Conj/Fire      2%         2d4       88%         4
 Fulminant Prism          Conj/Hex       1%         3d6       88%         4
 Summon Ice Beast         Ice/Summ       2%         N/A       88%         4
 Borgnjor's Vile Clutch   Necr/Erth      1%         N/A       99%         5
 Death Channel            Necr           1%         N/A       100%        6
 Summon Cactus Giant      Summ           1%         N/A       100%        6

Inventory:

Missiles
 F - a curare-tipped dart {=f}
Armour
 r - a +2 pair of boots (worn)
 s - the +2 hood of the Assassin (worn) {Detection Stab+ Stlth++}

   It allows the wearer to sense nearby creatures.
   It allows the wearer to make particularly effective stabbing attacks against
   helpless or unaware enemies with any weapon.
   Stlth:     It makes you much more stealthy.
 H - a +2 pair of gloves (worn)
 I - a scarf of repulsion
Jewellery
 e - the ring of the Demon Prince (right hand) {Fly rPois rC+}

   [ring of flight]

   rC:        It protects you from cold.
   rPois:     It protects you from poison.
   Fly:       It grants you flight.
 t - a +4 ring of slaying (left hand)
Wands
 y - a wand of iceblast (19)
 z - a wand of flame (37)
 A - a wand of polymorph (14)
 D - a wand of mindburst (5)
 G - a wand of charming (4)
Scrolls
 d - a scroll of immolation {!r}
 g - a scroll of vulnerability {!r}
 i - a scroll of enchant armour
 m - 2 scrolls of fog
 o - 5 scrolls of teleportation {@r4}
 q - 4 scrolls of silence {!r}
 u - 2 scrolls of enchant weapon
 w - 5 scrolls of amnesia
 B - a scroll of magic mapping
 C - a scroll of torment {unknown}
 E - a scroll of brand weapon {unknown}
 K - a scroll of blinking
Potions
 a - 2 potions of ambrosia
 b - a potion of resistance {unknown}
 c - 4 potions of brilliance {unknown}
 f - 4 potions of berserk rage {unknown}
 h - a potion of might {unknown}
 k - 3 potions of haste {unknown}
 l - 5 potions of mutation {unknown}
 n - 4 potions of flight {unknown}
 p - 7 potions of curing {unknown}
 v - a potion of cancellation {unknown}
 x - 2 potions of heal wounds {unknown}
 J - a potion of lignification {unknown}
 L - a potion of invisibility {unknown}

Dungeon Overview and Level Annotations

Branches:
Dungeon (11/15)            Temple (1/1) D:7            Lair (0/5) D:11
    Orc: D:9-12

Altars:
Ashenzari
Cheibriados
Dithmenos
Elyvilon
Fedhas
Gozag
Hepliaklqana
Kikubaaqudgha
Makhleb
Nemelex Xobeh
Okawaru
Qazlal
Ru
Sif Muna
Trog
Uskayaw
Vehumet
Wu Jian
Xom
Yredelemnul
Zin
The Shining One

Shops:
D:2 [ D:10

([
............▒▒▒..▒...▒...▒.▒.....
.................▒.▒.▒)▒.▒.▒.▒..▒
...▒.▒▒▒▒▒▒.▒▒▒▒.▒...▒)▒...▒...▒.
...▒.▒ ▒.▒ ▒.▒▒▒▒▒)▒▒▒▒▒▒▒▒▒▒
...▒.▒ ▒.▒ ▒..[...[[.........
▒..▒.▒ ▒.▒ ▒.▒▒▒▒.▒▒▒.▒....▒▒
▒..▒.▒ ▒.▒ ▒.▒ ▒..▒ ▒.▒▒.▒...
.....▒▒▒ ▒.▒ ▒z▒ ▒..▒ ▒...∩..▒▒
.......▒ ▒.▒▒▒▒d▒ ▒..▒ ▒.▒▒.▒▒▒
...▒▒▒.▒ ▒.(..▒)▒ ▒..▒ ▒.▒..▒
▒..▒ ▒.▒ ▒▒▒▒.▒.▒▒▒.▒▒▒▒.▒.▒▒
▒..▒ ▒.▒ ▒.▒..........▒.▒ ▒..▒
▒.▒ ▒.▒▒▒▒▒........▒ ▒..▒ ▒.▒ ▒.▒
▒.▒▒▒▒▒▒.▒ ▒.▒▒ ▒.▒ ▒.▒ ▒.▒ ▒.▒
▒.▒▒▒▒.▒ ▒▒.▒▒ ▒.▒ ▒.▒
▒......▒▒▒▒▒▒...▒▒▒▒.▒ ▒▒▒▒.▒▒▒


You could see a skeletal warrior.


Message History

You punch the skeletal warrior!
The skeletal warrior is heavily damaged.
The skeletal warrior closely misses you.
You hit the skeletal warrior but do no damage.
The skeletal warrior is heavily damaged.
You punch the skeletal warrior!
Your tail-slap misses the skeletal warrior.
The skeletal warrior is severely damaged.
The skeletal warrior completely misses you.
You barely miss the skeletal warrior.
Your tail-slap misses the skeletal warrior.
The skeletal warrior is severely damaged.
The skeletal warrior hits you with a +0 scimitar!
* * * LOW HITPOINT WARNING * * *
You barely miss the skeletal warrior.
You tail-slap the skeletal warrior, but do no damage.
The skeletal warrior is severely damaged.
The skeletal warrior hits you with a +0 scimitar!
* * * LOW HITPOINT WARNING * * *
You hit the skeletal warrior but do no damage.
Your punch misses the skeletal warrior.
The skeletal warrior is severely damaged.
You punch the skeletal warrior!
The skeletal warrior is almost destroyed.
The skeletal warrior hits you with a +0 scimitar!
* * * LOW HITPOINT WARNING * * *
You hit the skeletal warrior.
The skeletal warrior is almost destroyed.
The skeletal warrior hits you with a +0 scimitar!!
You die...

Action                   |  1- 3 |  4- 6 |  7- 9 | 10-12 || total
-------------------------+-------+-------+-------+-------++-------
Melee: Unarmed           |   127 |   169 |   252 |   279 ||   827
       Tailslap          |    10 |    20 |    37 |    63 ||   130
       Punch             |     4 |     5 |    20 |    24 ||    53
 Abil: Breathe Steam     |       |       |     2 |    22 ||    24
Evoke: Wand              |       |       |       |     1 ||     1
  Use: Scroll            |       |       |       |    16 ||    16
 Stab: Sleeping          |     4 |     2 |     3 |       ||     9
Armor: Skin              |    36 |    60 |    55 |    77 ||   228
Dodge: Dodged            |    78 |   115 |   122 |   152 ||   467

Levels and vault maps discovered:
D:1:      minmay_arrival_five_plusses, layout_basic,
          shapermc_ecumenical_altar_totnotflames, kennysheep_flooded_box
D:2:      layout_rooms, serial_shops, shop, minmay_liquid_box
D:3:      layout_loops_ring, nicolae_hepliaklqana_hippocampus,
          hangedman_abyss_or_decor_stabs
D:4:      layout_basic, nicolae_qazlal_eye_of_the_storm,
          lemuel_zombie_altar_yredelemnul
D:5:      layout_rooms
D:6:      old_forge, layout_loops_ring, fedhas_altar_3,
          mainiacjoe_overflow_swirl
D:7:      layout_loops_ring, nemelex_spade_bored_becter,
          eat_drink_and_be_merry_uskayaw, minmay_temple_entry_proselytizer
D:8:      cheibrodos_elevator_heist, layout_loops_ring, tso_oasis_becter
D:9:      layout_roguey, mainiacjoe_overflow_chevrons
D:10:     layout_loops_ring, grunt_dithmenos_smoke_and_mirrors, serial_shops,
          nicolae_shop_overgrown_old_shop, nicolae_shop_crystal,
          chequers_avenue, minmay_the_grid_2x2 [minmay_the_grid_broken_lines,
          minmay_the_grid_rooms, minmay_the_grid_x,
          minmay_the_grid_prize_big_room]
D:11:     layout_small_grid, lair_entry_dummy, david_orc_3
Temple:   nicolae_temple_bog_church

Notes
Turn   | Place    | Note
-------+----------+-------------------------------------------
     0 | D:1      | sanka the Draconian Monk began the quest for the Orb.
     0 | D:1      | Reached XP level 1. HP: 19/19 MP: 1/1
   127 | D:1      | Reached XP level 2. HP: 13/26 MP: 2/2
   550 | D:1      | Found a faded altar of an unknown god.
   751 | D:1      | Reached skill level 4 in Unarmed Combat
   751 | D:1      | Reached XP level 3. HP: 23/31 MP: 3/3
  1578 | D:2      | Found Weitz's Antique Armour Shop.
  1836 | D:4      | Reached skill level 5 in Unarmed Combat
  1836 | D:4      | Reached XP level 4. HP: 29/38 MP: 4/4
  1912 | D:4      | Noticed a phantom
  1929 | D:4      | Killed a phantom
  1930 | D:4      | Reached XP level 5. HP: 42/45 MP: 5/5
  1987 | D:4      | Reached skill level 6 in Unarmed Combat
  2976 | D:3      | Found a hazy altar of Hepliaklqana.
  3302 | D:4      | Found a stormy altar of Qazlal.
  3453 | D:5      | Entered Level 5 of the Dungeon
  3453 | D:5      | Noticed a phantom
  3462 | D:5      | Killed a phantom
  3463 | D:5      | Reached skill level 7 in Unarmed Combat
  3463 | D:5      | Reached XP level 6. HP: 24/51 MP: 6/6
  3661 | D:5      | Noticed an ice beast
  4236 | D:5      | Reached skill level 8 in Unarmed Combat
  4236 | D:5      | Your scales start taking on a pale cyan-grey colour.
  4236 | D:5      | Reached XP level 7. HP: 25/57 MP: 7/7
  4236 | D:5      | Gained mutation: You are immune to the effects of steam.
                  | [Pale Draconian growth]
  4496 | D:5      | Identified the +5 ring mail of the Trout {Int+3}
  4672 | D:6      | Found a blossoming altar of Fedhas.
  4700 | D:6      | Reached skill level 9 in Unarmed Combat
  4863 | D:6      | Identified the +11 chain mail "Feaq Ozaa" {rF+ rN+ rCorr
                  | Stlth+}
  4948 | D:6      | Reached XP level 8. HP: 47/63 MP: 8/8
  5068 | D:6      | Reached skill level 10 in Unarmed Combat
  5090 | D:6      | Reached skill level 3 in Dodging
  5186 | D:6      | Reached skill level 4 in Fighting
  5814 | D:6      | Found a shimmering altar of Xom.
  5823 | D:6      | Found an ancient bone altar of Kikubaaqudgha.
  5974 | D:7      | Reached skill level 5 in Fighting
  5974 | D:7      | Reached skill level 4 in Dodging
  6100 | D:7      | Found a hide-covered altar of Uskayaw.
  6211 | D:7      | Found a sparkling altar of Nemelex Xobeh.
  6233 | D:7      | Reached XP level 9. HP: 74/74 MP: 9/9
  6523 | D:5      | Reached skill level 6 in Fighting
  6523 | D:5      | Reached skill level 5 in Dodging
  6523 | D:5      | Reached skill level 11 in Unarmed Combat
  6829 | D:4      | Found a basalt altar of Yredelemnul.
  7006 | D:7      | Found a staircase to the Ecumenical Temple.
  7100 | D:7      | Identified +0 steam dragon scales
  7357 | Temple   | Entered the Ecumenical Temple
  7551 | D:8      | Noticed a centaur warrior
  7556 | D:8      | Noticed a cyclops
  7671 | D:8      | Found a glowing golden altar of the Shining One.
  7674 | D:8      | Became a worshipper of the Shining One
  7674 | D:8      | Reached * piety under the Shining One
  7674 | D:8      | Reached ** piety under the Shining One
  7892 | D:8      | Reached skill level 7 in Fighting
  8225 | D:8      | Identified +0 steam dragon scales
  8320 | D:8      | Identified +0 steam dragon scales
  8321 | D:8      | Reached skill level 6 in Dodging
  8594 | D:9      | Reached XP level 10. HP: 71/88 MP: 10/10
  8775 | D:9      | Found a white marble altar of Elyvilon.
  8861 | D:9      | Reached skill level 8 in Fighting
  8945 | D:9      | Reached skill level 12 in Unarmed Combat
  9107 | D:9      | Identified +0 acid dragon scales
  9293 | D:10     | Entered Level 10 of the Dungeon
  9293 | D:10     | Noticed a gargoyle
  9613 | D:10     | Killed a gargoyle
  9614 | D:10     | Reached skill level 7 in Dodging
  9743 | D:10     | Identified a scroll of acquirement
  9744 | D:10     | Acquired the +2 hood of the Assassin {Detection Stab+
                  | Stlth++}
  9744 | D:10     | Found the +2 hood of the Assassin {Detection Stab+ Stlth++}
  9939 | D:2      | Bought a runed scarf for 224 gold pieces
  9939 | D:2      | Bought a pair of gloves for 126 gold pieces
 10303 | D:10     | Learned a level 4 spell: Ice Form
 10349 | D:10     | Noticed a two-headed ogre
 10350 | D:10     | Reached *** piety under the Shining One
 10354 | D:10     | Identified +0 steam dragon scales
 10358 | D:10     | Killed a two-headed ogre
 10359 | D:10     | Reached skill level 9 in Fighting
 10359 | D:10     | Reached skill level 1 in Spellcasting
 10359 | D:10     | Reached skill level 1 in Transmutations
 10370 | D:10     | Identified +0 acid dragon scales
 10373 | D:10     | Reached skill level 2 in Transmutations
 10379 | D:10     | Reached skill level 2 in Spellcasting
 10428 | D:10     | Reached XP level 11. HP: 90/97 MP: 14/14
 10528 | D:10     | Noticed a six-headed hydra
 10540 | D:10     | Noticed a centaur warrior
 10551 | D:10     | Killed a six-headed hydra
 10552 | D:10     | Reached skill level 8 in Dodging
 10552 | D:10     | Reached skill level 3 in Transmutations
 10553 | D:10     | Killed a centaur warrior
 10554 | D:10     | Reached skill level 3 in Spellcasting
 10883 | D:10     | Found Uwnooba's Antique Weapon Boutique.
 11146 | D:10     | Found a shadowy altar of Dithmenos.
 11158 | D:10     | Found Wymet's Antique Armour Shop.
 11164 | D:10     | Bought an embroidered scarf for 240 gold pieces
 11227 | D:10     | Noticed a white ugly thing
 11236 | D:10     | Killed a purple ugly thing
 11309 | D:10     | Noticed a deep elf pyromancer
 11317 | D:10     | Killed a deep elf pyromancer
 11318 | D:10     | Reached skill level 10 in Fighting
 11318 | D:10     | Reached skill level 13 in Unarmed Combat
 11323 | D:10     | Reached skill level 4 in Transmutations
 11569 | D:8      | Noticed a harpy
 11587 | D:8      | Killed a centaur warrior
 11588 | D:8      | Reached skill level 4 in Spellcasting
 11588 | D:8      | Identified +0 acid dragon scales
 11766 | D:8      | Identified the ring of the Demon Prince {Fly rPois rC+}
 11881 | D:11     | Noticed a boulder beetle
 12090 | D:11     | Killed a boulder beetle
 12336 | D:11     | Found a staircase to the Lair.
 12351 | D:11     | Identified +0 acid dragon scales
 12433 | D:11     | Noticed a skeletal warrior
 12452 | D:11     | Killed a skeletal warrior
 12453 | D:11     | Reached skill level 5 in Transmutations
 12560 | D:11     | Noticed a skeletal warrior
 12560 | D:11     | Noticed a skeletal warrior
 12592 | D:11     | Killed a skeletal warrior
 12593 | D:11     | Reached XP level 12. HP: 71/108 MP: 18/18
 12781 | D:11     | HP: 4/108 [skeletal warrior/+0 war axe of electrocution
                  | (13)]
 12784 | D:11     | Reached skill level 9 in Dodging
 13445 | D:10     | Slain by a skeletal warrior

Vanquished Creatures
  A boulder beetle (D:11)
  A hydra (D:10)
  A two-headed ogre (D:10)
  2 centaur warriors
  4 skeletal warriors
  A deep elf pyromancer (D:10)
  An ugly thing (D:10)
  A cyclops (shapeshifter) (D:10)
  3 cyclopes
  A gargoyle (D:10)
  An unseen horror (D:10)
  2 trolls (D:10)
  A hornet (D:10)
  3 wraiths
  A shadow (D:10)
  2 wyverns (D:8)
  5 steam dragons
  A vampire mosquito (D:10)
  8 yaks
  5 acid dragons
  2 orc warriors
  2 ice beasts
  A black bear (D:5)
  4 boggarts (D:11)
  3 sky beasts
  An ogre (shapeshifter) (D:8)
  2 ogres (D:6)
  3 centaurs (D:10)
  5 phantoms
  A kobold brigand (D:10)
  5 bullfrogs
  A gnoll sergeant (D:8)
  10 scorpions
  6 wights
  10 killer bees
  3 howler monkeys (D:10)
  A bullfrog zombie (D:4)
  3 hounds
  5 orc priests
  A gnoll bouda (D:6)
  3 iguanas
  6 orc wizards
  A scorpion zombie (D:4)
  12 gnolls
  6 adders
  A white imp (D:6)
  2 ufetubi (D:5)
  2 worms
  6 dart slugs
  10 orcs
  4 ball pythons
  11 bats
  4 endoplasms
  A giant cockroach (D:3)
  8 hobgoblins
  3 jackals (D:2)
  3 quokkas
  6 frilled lizards
  8 goblins
  10 kobolds
  A rat (D:1)
222 creatures vanquished.

Vanquished Creatures (others)
  12 fungi (D:6)
  8 plants
20 creatures vanquished.

Grand Total: 242 creatures vanquished
